 Dungeon Crawl Stone Soup version 0.21.1-1-g345015f (webtiles) character file.

263 inc the Digger (level 6, -12/36 HPs)
             Began as an Octopode Earth Elementalist on June 10, 2018.
             Was a Follower of Vehumet.
             Mangled by an ogre
             ... wielding a +0 giant spiked club
              (25 damage)
             ... on level 3 of the Dungeon on June 11, 2018.
             The game lasted 00:05:47 (1869 turns).

inc the Digger (Octopode Earth Elementalist)        Turns: 1869, Time: 00:05:48

Health: -12/36     AC:  1    Str:  8    XL:     6   Next: 19%
Magic:  12/18      EV: 13    Int: 19    God:    Vehumet [*.....]
Gold:   142        SH:  0    Dex: 12    Spells: 3/9 levels left

rFire    . . .     SeeInvis .   g - -1 whip (curse)
rCold    . . .     Gourm    .   (no shield)
rNeg     . . .     Faith    .   (helmet restricted)
rPois    .         Spirit   .   f - amulet of regeneration
rElec    .         Reflect  .   a - ring of magical power
rCorr    .         Harm     .   (no ring)
MR       .....                  (no ring)
Stlth    +++.......             (no ring)
HPRegen  0.52/turn              (no ring)
MPRegen  0.16/turn              (no ring)
                                (no ring)
                                (no ring)

@: no status effects
A: almost no armour, stealthy swim, amphibious, 8 rings, constrict 8, camouflage
1, gelatinous body 1
a: Renounce Religion


You were on level 3 of the Dungeon.
You worshipped Vehumet.
Vehumet was aware of your devotion.
You were hungry.

You visited 1 branch of the dungeon, and saw 3 of its levels.

You collected 142 gold pieces.

Inventory:

Hand Weapons
 g - a cursed -1 whip (weapon)
Missiles
 b - 10 stones (quivered)
Jewellery
 a - a ring of magical power (left tentacle)
 f - an amulet of regeneration (around mantle)
 l - an uncursed ring of resist corrosion {unknown}
Scrolls
 e - a scroll of identify
 h - a scroll of enchant armour
Potions
 k - a potion of heal wounds
Books
 d - a book of Geomancy

   Spells                             Type                      Level
   a - Sandblast                      Earth                        1
   b - Passwall                       Transmutation/Earth          2
   c - Stone Arrow                    Conjuration/Earth            3
   d - Petrify                        Transmutation/Earth          4
   e - Lee's Rapid Deconstruction     Earth                        5
Comestibles
 c - 7 rations


   Skills:
 - Level 2.0 Dodging
 - Level 2.6 Stealth
 - Level 2.0 Spellcasting
 - Level 1.0 Transmutations
 + Level 6.7 Earth Magic


You had 3 spell levels left.
You knew the following spells:

 Your Spells              Type           Power        Failure   Level  Hunger
a - Sandblast             Erth           ####..       1%          1    #......
b - Passwall              Tmut/Erth      ###.......   5%          2    ###....
c - Stone Arrow           Conj/Erth      ##....       13%         3    ###....


Dungeon Overview and Level Annotations

Branches:
Dungeon (3/15)

Altars:
Ru
Vehumet
Yredelemnul


Innate Abilities, Weirdness & Mutations

You cannot wear most types of armour.
You are very stealthy in the water. (Stealth+)
You are amphibious.
You can wear up to eight rings at the same time.
You can use your tentacles to constrict eight enemies at once.
Your skin changes colour to match your surroundings (Stealth+).
Your rubbery body absorbs attacks. (AC +1, EV +1)


Message History

Casting: Sandblast
Confirm with . or Enter, or press ? or * to list all spells.
Aiming: Sandblast
Press: ? - help, Shift-Dir - straight line, f/p - goblin
Aim: a goblin, wielding a club The blast of sand hits the ogre.
The ogre is almost dead.
b - 11 stones
Casting: Sandblast
Confirm with . or Enter, or press ? or * to list all spells.
Aiming: Sandblast
Press: ? - help, Shift-Dir - straight line, f/p - goblin
Aim: a goblin, wielding a club The blast of sand misses the ogre.
The blast of sand hits the goblin.
You kill the goblin!
Vehumet accepts your kill.
b - 10 stones The ogre hits you with a giant spiked club!!
Ouch! That really hurt!
You die...

#.* #..# #.* *#<.
#.####* ##.
#.#...#####.
*####...#..†....
###gg.#..........#
#)g.%.#..###.##.##
#O#,,,#........##
#@#####...)..##.##
#.#.##.).)...###.#
#...##...###.####.
###.##...#........
#.##...#.#.####.
####.##...#.#.# #.
#.............####.
###.##.##............
#......####.#...###..


You could see an ogre and 2 goblins.

Vanquished Creatures
  A scorpion (D:3)
  A crimson imp (D:2)
  Natasha (thrice) (D:2)
  6 adders
  A leopard gecko (D:1)
  11 bats
  2 giant cockroaches (D:1)
  6 goblins
  3 hobgoblins
  4 kobolds
  2 quokkas (D:2)
  14 frilled lizards
  5 rats (D:1)
59 creatures vanquished.

Vanquished Creatures (others)
  A plant (D:1)
1 creature vanquished.

Grand Total: 60 creatures vanquished

Notes
Turn   | Place    | Note
-------+----------+-------------------------------------------
     0 | D:1      | inc the Octopode Earth Elementalist began the quest for the Orb.
     0 | D:1      | Reached XP level 1. HP: 11/11 MP: 3/3
   436 | D:1      | Reached XP level 2. HP: 15/17 MP: 5/5
   724 | D:1      | Reached skill level 4 in Earth Magic
   821 | D:1      | Reached XP level 3. HP: 19/21 MP: 6/6
  1064 | D:2      | Learned a level 2 spell: Passwall
  1068 | D:2      | Learned a level 3 spell: Stone Arrow
  1207 | D:2      | Found a basalt altar of Yredelemnul.
  1207 | D:2      | Found a sacrificial altar of Ru.
  1286 | D:2      | Found a radiant altar of Vehumet.
  1287 | D:2      | Reached XP level 4. HP: 27/27 MP: 7/7
  1294 | D:2      | Noticed Natasha
  1299 | D:2      | Killed Natasha
  1299 | D:2      | Reached skill level 5 in Earth Magic
  1327 | D:2      | Noticed Natasha
  1327 | D:2      | Became a worshipper of Vehumet
  1343 | D:2      | Killed Natasha
  1350 | D:2      | Reached XP level 5. HP: 31/31 MP: 8/8
  1456 | D:2      | Noticed Natasha
  1462 | D:2      | Killed Natasha
  1462 | D:2      | Reached skill level 6 in Earth Magic
  1688 | D:3      | Reached XP level 6. HP: 4/36 MP: 9/9
  1865 | D:3      | Reached * piety under Vehumet
  1865 | D:3      | Offered knowledge of Shock by Vehumet.
  1869 | D:3      | Mangled by an ogre

Skill      XL: |  1  2  3  4  5 |
---------------+----------------+-----
Earth Magic    | 4 5 6 |  6.7
Dodging        | |  2.0
Stealth        | |  2.6
Spellcasting   | |  2.0
Transmutations | |  1.0

Action                   |  1- 3 |  4- 6 || total
-------------------------+-------+-------++-------
Melee: Unarmed           |    76 |       ||    76
       Constrict         |    31 |     6 ||    37
       Tentacles         |    14 |     8 ||    22
       Whip              |    22 |    24 ||    46
 Cast: Sandblast         |       |    38 ||    38
  Use: Scroll            |       |     4 ||     4
       Potion            |       |     1 ||     1
 Stab: Sleeping          |    11 |     2 ||    13
       Distracted        |     1 |       ||     1
  Eat: Chunk             |     1 |     2 ||     3
Armor: Skin              |    17 |     1 ||    18
Dodge: Dodged            |    82 |    31 ||   113
